10 MIN BLITZKRIEG (Reakly vs PanzerGrenadier)

Match 19145491
End
Construct Barracks
Selects Armored Battlegroup
Selects Veteran Crews
Selects Fast Deploy
1⁄4-ton 4x4 Truck
Riflemen Squad
Riflemen Squad
Infantry Support Center
Grenade Package
Riflemen Squad
Construct Motor Pool
M8 Greyhound Armored Car
Construct Medical Station
Engineer Squad
M1918 Browning Automatic Rifles
M8 Greyhound Armored Car
Selects Seek and Destroy
Reakly
PanzerGrenadier
0
0

Comments sign in to comment!

No comments posted yet!